[Event "Live Chess"]
[Site "Chess.com"]
[Date "2023.05.21"]
[Round "-"]
[White "AMCWAML"]
[Black "worldchessleaguelive"]
[Result "1-0"]
[WhiteElo "2330"]
[BlackElo "1360"]
[TimeControl "300"]
[EndTime "5:01:50 PDT"]
[Termination "AMCWAML won on time"]

1. e4 d5 2. exd5 Qxd5 3. Nf3 Nc6 4. Nc3 Qd8 5. Bb5 Bd7 6. O-O a6 7. Be2 e6 8. d4 Nf6 9. Re1 Be7 10. a3 O-O 11. h3 Nd5 12. Ne4 Nf6 13. Ng3 Bd6 14. Nf1 h6 15. c4 b6 16. Bd3 Rb8 17.
b4 Na7 18. Bb2 b5 19. c5 Be7 20. Qe2 Bc6 21. Ne5 Ba8 22. Ng3 Qd5 23. f3 Nc6 24.
Rad1 Rfd8 25. Be4 Nxe4 26. fxe4 Qb3 27. Rd3 Qa4 28. Nxc6 Bxc6 29. d5 Bd7 30. Nh5 g6 31.
Rg3 Bg5 32. Nf6+ Bxf6 33. Bxf6 Re8 34. Qh5 Kh7 35. Qf3 exd5 36. e5 Be6 37. Qe3 Qc2 38. Re2 Qb1+ 39. Kh2 Qf5 40. Rf3 Qh5 41. Rd2 g5 42.
Rd4 Qg6 43. Qd3 Qxd3 44. Rdxd3 Kg6 45. Rd2 Bf5 46. g4 Be4 47. Rf1 Re6 48. Rdf2 Rbe8 49.
Bg7 Rxe5 50. Rxf7 R5e7 51. R1f6+ 1-0

[Event "Live Chess"]
[Site "Chess.com"]
[Date "2023.05.21"]
[Round "-"]
[White "srichess4u"]
[Black "TheAuditer"]
[Result "0-1"]
[WhiteElo "643"]
[BlackElo "1399"]
[TimeControl "300"]
[EndTime "5:02:02 PDT"]
[Termination "TheAuditer won by checkmate"]

1. e4 e6 2. Nf3 d5 3. e5 c5 4.
Bb5+ Bd7 5. Bd3 Nc6 6. Ng5 Qxg5 7. O-O Nxe5 8. Be2 Qd8 9. Bh5 Nf6 10. Be2 Bd6 11. Nc3 Qc7 12. Nb5 Bxb5 13. Bxb5+ Nc6 14. Qe2 Bxh2+ 15. Kh1 Bd6 16. Re1 O-O-O 17. Bd3 h5 18. c4 h4 19. cxd5 Nxd5 20. Kg1 Nf4 21. Qg4 Nxd3 22. Rd1 f5 23. Qg5 Bf4 24. Qg6 Qe7 25. b3 h3 26. gxh3 Rxh3 27. Qg2 Rdh8 28. Ba3 Qg5 29. Qxg5 Bxg5 30. Rac1 Rh1+ 31. Kg2 R8h2+ 32. Kg3 Bh4+ 33. Kf3 Rxf2+ 34. Ke3 Rxd1 35. Rxd1 Ncb4 36. Bb2 Nxb2 37. d3 e5 38. Rh1 Nc2# 0-1

[Event "Live Chess"]
[Site "Chess.com"]
[Date "2023.05.21"]
[Round "-"]
[White "LiamClery2020"]
[Black "LiamBellwood"]
[Result "0-1"]
[WhiteElo "1978"]
[BlackElo "1904"]
[TimeControl "300"]
[EndTime "5:02:12 PDT"]
[Termination "LiamBellwood won by resignation"]

1. e4 e6 2. d4 d5 3. Nd2 Nc6 4. Ngf3 Nf6 5. e5 Nd7 6. c3 f6 7. exf6 Qxf6 8. Bd3 Bd6 9. O-O O-O 10. Re1 e5 11. dxe5 Ndxe5 12. Nxe5 Qxf2+ 13. Kh1 Nxe5 14. Rf1 Nxd3 15. Rxf2 Nxf2+ 0-1

[Event "Live Chess"]
[Site "Chess.com"]
[Date "2023.05.21"]
[Round "-"]
[White "ViktorTheCoolBoy"]
[Black "McSlash1"]
[Result "1-0"]
[WhiteElo "2478"]
[BlackElo "2002"]
[TimeControl "300"]
[EndTime "5:02:31 PDT"]
[Termination "ViktorTheCoolBoy won by resignation"]

1. d4 Nf6 2. c4 g6 3. Nc3 d5 4. cxd5 Nxd5 5. e4 Nxc3 6. bxc3 Bg7 7. Nf3 O-O 8. Bd3 c5 9. O-O cxd4 10.
cxd4 Nc6 11. d5 Ne5 12. Nxe5 Bxe5 13. Rb1 b6 14. Bh6 Bg7 15. Bxg7 Kxg7 16. Qd2 a5 17. Qb2+ Kg8 18. Qxb6 Qxb6 19. Rxb6 f5 20. e5 f4 21. Rc1 Rd8 22. Rc7 Rxd5 23. Bc4 e6 24. Bxd5 exd5 25. e6 Kf8 26. Rxh7 Bxe6 27. Rxe6 Rc8 28. Rh8+ 1-0

[Event "Live Chess"]
[Site "Chess.com"]
[Date "2023.05.21"]
[Round "-"]
[White "RockTroll"]
[Black "chrisbradgate"]
[Result "1-0"]
[WhiteElo "2221"]
[BlackElo "865"]
[TimeControl "300"]
[EndTime "5:02:42 PDT"]
[Termination "RockTroll won by checkmate"]

1. g3 e5 2. Bg2 Bd6 3. d3 Qf6 4. Nc3 Bc5 5. Ne4 Qe6 6. Nxc5 Qd5 7.
Bxd5 Nc6 8. Bxc6 dxc6 9. e4 Be6 10. Nb3 O-O-O 11. Nf3 Ne7 12. Nxe5 Rhe8 13. O-O f6 14. Nf3 Bg4 15. Kg2 Ng6 16. h3 Be6 17. Be3 h5 18. Qd2 Rh8 19. Qa5 a6 20. Nc5 h4 21.
Nxe6 Rd7 22. Nc5 Re7 23. Nxa6 bxa6 24. Qxa6+ Kd7 25. Nd4 Rh5 26. Qxc6+ Kc8 27. Nf5 Rd7 28. Qa8# 1-0

[Event "Live Chess"]
[Site "Chess.com"]
[Date "2023.05.21"]
[Round "-"]
[White "Long1968"]
[Black "Crowded_House"]
[Result "0-1"]
[WhiteElo "960"]
[BlackElo "1631"]
[TimeControl "300"]
[EndTime "5:02:43 PDT"]
[Termination "Crowded_House won on time"]

1. e4 e6 2. d4 d5 3. Nc3 Bb4 4. e5 c5 5. Bd2 cxd4 6. Nb5 Bxd2+ 7.
Qxd2 Ne7 8. Nd6+ Kf8 9. Qxd4 Nf5 10. Nxf5 exf5 11. Rd1 Be6 12. c3 Nc6 13. Qc5+ Qe7 14. Qxe7+ Kxe7 15. f4 f6 16. Nf3 fxe5 17. fxe5 h6 18.
h4 f4 19. Bb5 a6 20. Bxc6 bxc6 21. Nd4 Rac8 22. Nxe6 Kxe6 23. O-O Kxe5 24. Rde1+ Kd6 25.
Rxf4 Rhf8 26. Ref1 Rxf4 27. Rxf4 Rc7 28. Kf2 Ke6 29. Ra4 Ra7 30. c4 dxc4 0-1

[Event "Live Chess"]
[Site "Chess.com"]
[Date "2023.05.21"]
[Round "-"]
[White "mach247"]
[Black "HoarseyHorsey"]
[Result "1/2-1/2"]
[WhiteElo "1354"]
[BlackElo "1487"]
[TimeControl "300"]
[EndTime "5:02:47 PDT"]
[Termination "Game drawn by stalemate"]

1. e4 c5 2. Nf3 e6 3. d4 cxd4 4.
Nxd4 Nf6 5. Nc3 Nc6 6. Be2 Bb4 7. f3 d5 8. exd5 exd5 9. Nxc6 bxc6 10. Bd2 d4 11. Ne4 Bxd2+ 12. Nxd2 O-O 13. O-O Re8 14. Bd3 Be6 15. Ne4 Nxe4 16. Bxe4 Bd5 17. Bxd5 Qxd5 18.
Qd3 c5 19. c4 Qd6 20. Rfe1 Re6 21. Rxe6 Qxe6 22. Kf2 Re8 23. Qd2 Qxc4 24. b3 Qe6 25. Re1 Qxe1+ 26. Qxe1 Rxe1 27. Kxe1 f5 28. Kd2 Kf7 29.
Kd3 Ke6 30. b4 Kd5 31. bxc5 Kxc5 32. h4 a5 33. g4 fxg4 34. fxg4 g6 35. h5 gxh5 36.
gxh5 Kd5 37. a4 h6 38. Kd2 Kc4 39. Kc2 d3+ 40. Kd2 Kd4 41. Kd1 Kc3 42. Kc1 d2+ 43.
Kd1 Kd3 1/2-1/2

[Event "Live Chess"]
[Site "Chess.com"]
[Date "2023.05.21"]
[Round "-"]
[White "ranvir123"]
[Black "Ian-Morley"]
[Result "1-0"]
[WhiteElo "988"]
[BlackElo "1055"]
[TimeControl "300"]
[EndTime "5:02:58 PDT"]
[Termination "ranvir123 won by checkmate"]

1. e4 d5 2. exd5 Qxd5 3. Nf3 Nf6 4. Nc3 Qd6 5. d4 a6 6. Bg5 b5 7. Qd3 Bb7 8. O-O-O Nbd7 9. Ne5 Nxe5 10. dxe5 Qxd3 11. Rxd3 Nd7 12. Nd5 Bxd5 13. Rxd5 h6 14. Bf4 g5 15. Bg3 O-O-O 16. c4 Nb6 17. Rxd8+ Kxd8 18. cxb5 axb5 19. Bxb5 e6 20. Rd1+ Nd5 21. Bc4 c6 22. Bxd5 cxd5 23. h4 Kc7 24. Rh1 Be7 25. hxg5 h5 26. Bf4 f6 27. gxf6 Bxf6 28. exf6+ Kd7 29. Be5 Rf8 30.
Rxh5 Kc6 31. g4 Kb5 32. g5 Kc4 33. g6 Kd3 34. g7 Ra8 35. Rh3+ Ke2 36. a3 Rc8+ 37. Kb1 Kd2 38. Bc3+ Kd1 39. f7 d4 40. f8=Q Rxc3 41. bxc3 dxc3 42. Rxc3 e5 43. g8=Q e4 44.
Qd5+ Ke2 45. Qxe4+ Kf1 46. Rc1# 1-0

[Event "Live Chess"]
[Site "Chess.com"]
[Date "2023.05.21"]
[Round "-"]
[White "SupremeTactician"]
[Black "mattihelenius2"]
[Result "1-0"]
[WhiteElo "2239"]
[BlackElo "491"]
[TimeControl "300"]
[EndTime "5:02:59 PDT"]
[Termination "SupremeTactician won by checkmate"]

1. e4 a6 2. d4 Nc6 3. d5 Nd4 4. Qxd4 h6 5. c4 Nf6 6. Nc3 e5 7. Qxe5+ Qe7 8. Qd4 Qe5 9. Qxe5+ Kd8 10. Bf4 Bd6 11.
Qd4 Bxf4 12. e5 g5 13. exf6 Re8+ 14. Be2 Be5 15. Qd2 Bf4 16. Qd3 d6 17. Nh3 Bxh3 18. gxh3 Kd7 19. Qf5+ Kd8 20. O-O Rh8 21. Bg4 Ke8 22.
Qd7+ Kf8 23. Qe7+ Kg8 24. Be6 Rf8 25. Bxf7+ Rxf7 26. Qe8+ Kh7 27. Qxf7# 1-0

[Event "Live Chess"]
[Site "Chess.com"]
[Date "2023.05.21"]
[Round "-"]
[White "CeladonFish"]
[Black "JohanKjeldahl"]
[Result "1-0"]
[WhiteElo "1129"]
[BlackElo "1866"]
[TimeControl "300"]
[EndTime "5:03:11 PDT"]
[Termination "CeladonFish won by resignation"]

1. d4 Nf6 2. c4 e5 3. dxe5 Ng4 4. Bf4 Nc6 5. Nf3 Bb4+ 6. Nbd2 Qe7 7. e3 Ngxe5 8.
Nxe5 Nxe5 9. Bxe5 Qxe5 10. Qb3 a5 11. a3 Bxd2+ 12. Kxd2 d6 13. Qb5+ Qxb5 14. cxb5 Be6 15. Rc1 Kd7 16. a4 Rhc8 17. g3 Bd5 18. Rg1 f5 19. g4 fxg4 20. Rxg4 g6 21. Bh3 Be6 22. Rh4 Bxh3 23. Rxh7+ Ke6 24. Rxh3 c6 25. bxc6 Rxc6 26. Rxc6 bxc6 27. b3 Rb8 28. Kc3 Rf8 29. f4 Kf5 30.
Rg3 d5 31. b4 axb4+ 32. Kxb4 Rf6 33. Kc5 Ke4 34. a5 d4 35. exd4 Kxf4 36. Rb3 Ke4 37. a6 Rf5+ 38. Kb6 Kxd4 39. a7 Rf8 40. Kxc6 Ra8 41.
Kb7 1-0

[Event "Live Chess"]
[Site "Chess.com"]
[Date "2023.05.21"]
[Round "-"]
[White "manthanit"]
[Black "tpm07"]
[Result "0-1"]
[WhiteElo "1095"]
[BlackElo "1930"]
[TimeControl "300"]
[EndTime "5:03:15 PDT"]
[Termination "tpm07 won by resignation"]

1. e4 e5 2. h3 Nf6 3. Nc3 Bc5 4. Nf3 O-O 5. Bc4 d6 6. d3 Be6 7. Nd5 c6 8. Nxf6+ Qxf6 9. O-O h6 10. Be3 Nd7 11.
Bxc5 Nxc5 12. Qe2 Bxc4 13. dxc4 Ne6 14. Rad1 Nf4 15. Qe3 Qg6 16. Nh4 Qg5 17. Qg3 Ne2+ 18. Kh2 Nxg3 19. fxg3 Rad8 20. Rd3 d5 21. cxd5 cxd5 22.
Rf5 Qc1 23. exd5 e4 24. Re3 Qxe3 0-1

[Event "Live Chess"]
[Site "Chess.com"]
[Date "2023.05.21"]
[Round "-"]
[White "ChessTWSS"]
[Black "KeithArkell"]
[Result "0-1"]
[WhiteElo "1611"]
[BlackElo "2488"]
[TimeControl "300"]
[EndTime "5:03:21 PDT"]
[Termination "KeithArkell won on time"]

1. d4 e6 2. Bf4 Nf6 3. Nf3 c5 4. c3 b6 5. e3 Be7 6. Bd3 Ba6 7. Bxa6 Nxa6 8. Nbd2 Nc7 9. Ne5 Ncd5 10. Bg3 Qc8 11. e4 Nc7 12. O-O Qb7 13. f3 d6 14. Nec4 Rd8 15. e5 dxe5 16. dxe5 Nfd5 17. Nd6+ Bxd6 18. exd6 Na8 19. Qe2 b5 20. Ne4 Qc6 21. h3 O-O 22. b3 Nab6 23. c4 bxc4 24. bxc4 Nf6 25. Nxf6+ gxf6 26.
a3 e5 27. f4 Qxd6 28. fxe5 Qd4+ 29. Kh1 fxe5 30. Bxe5 Rfe8 31. Bxd4 Rxe2 32. Bxc5 Rdd2 33. Rae1 Nxc4 34. Rxe2 Rxe2 35. Rf3 Re6 36. Bxa7 h5 37. Rg3+ Kh7 38. Rc3 Nd2 39. a4 Re1+ 40. Kh2 h4 41.
g3 Ne4 42. Rc7 hxg3+ 43. Kg2 Kg6 44. Kf3 f5 45. Be3 Rf1+ 0-1

[Event "Live Chess"]
[Site "Chess.com"]
[Date "2023.05.21"]
[Round "-"]
[White "viktorskliarov"]
[Black "Doge_Dandolo"]
[Result "1/2-1/2"]
[WhiteElo "2648"]
[BlackElo "1900"]
[TimeControl "300"]
[EndTime "5:03:24 PDT"]
[Termination "Game drawn by repetition"]

1. e4 c6 2. d4 d5 3. e5 Bf5 4. Nf3 e6 5. Be2 c5 6. Be3 cxd4 7. Nxd4 Ne7 8. O-O Nbc6 9. f4 Nxd4 10. Bxd4 Nc6 11. Bf2 Rc8 12. c3 Be7 13. Nd2 h6 14. g4 Bh7 15. Nb3 O-O 16. Nd4 Be4 17. Bf3 Bxf3 18.
Qxf3 Nxd4 19. Bxd4 a6 20. f5 b5 21. f6 gxf6 22.
exf6 Bc5 23. Bxc5 Rxc5 24. Qe3 Rc4 25. Rf4 Rxf4 26. Qxf4 Kh7 27. Rf1 Rg8 28. h3 Rg6 29. Kh2 Qb6 30. h4 a5 31. a3 b4 32. axb4 axb4 33.
cxb4 d4 34. Qe4 Kh8 35. h5 Rg8 36. Rd1 Qxb4 37. Rxd4 Qxb2+ 38. Kh3 Qc1 39. Qf4 Qh1+ 40. Kg3 Qg1+ 41. Kh3 Qh1+ 42. Kg3 Qe1+ 43. Kh3 Qh1+ 1/2-1/2

[Event "Live Chess"]
[Site "Chess.com"]
[Date "2023.05.21"]
[Round "-"]
[White "fazzik"]
[Black "GEMdzq"]
[Result "0-1"]
[WhiteElo "612"]
[BlackElo "2285"]
[TimeControl "300"]
[EndTime "5:03:27 PDT"]
[Termination "GEMdzq won by resignation"]

1. e3 e5 2. d4 Nc6 3. Ne2 d5 4. g3 Nf6 5. Bg2 Bb4+ 6. c3 Be7 7. O-O O-O 8. f4 exd4 9. Nxd4 Re8 10. Nd2 Bg4 11.
Bf3 Bd7 12. Bg2 Bd6 13. f5 Rxe3 14. N2b3 Re8 15. Bg5 h6 16. Bf4 Ne5 17. Re1 c5 18. Nf3 Qc7 19. Bh3 Bc6 20. Re2 Nxf3+ 0-1

[Event "Live Chess"]
[Site "Chess.com"]
[Date "2023.05.21"]
[Round "-"]
[White "Berdgross"]
[Black "Reggie016"]
[Result "1-0"]
[WhiteElo "682"]
[BlackElo "1072"]
[TimeControl "300"]
[EndTime "5:03:34 PDT"]
[Termination "Berdgross won by checkmate"]

1. d4 e6 2. e3 d5 3. Nf3 Nf6 4.
Bd3 Bd6 5. O-O c5 6. dxc5 Bxc5 7. Re1 O-O 8. Nc3 d4 9. exd4 Bxd4 10.
Be4 Bxc3 11. bxc3 Qxd1 12. Rxd1 Nxe4 13. Bf4 Nxc3 14. Rd3 Nd5 15. Bd2 b6 16. Bb4 Rd8 17. Bc3 Ba6 18. Rdd1 Nxc3 19. Rxd8# 1-0

[Event "Live Chess"]
[Site "Chess.com"]
[Date "2023.05.21"]
[Round "-"]
[White "Leonid_Starozhilov"]
[Black "GMHarry-youtube"]
[Result "1-0"]
[WhiteElo "2633"]
[BlackElo "2027"]
[TimeControl "300"]
[EndTime "5:03:36 PDT"]
[Termination "Leonid_Starozhilov won by resignation"]

1. e4 c5 2. Nf3 d6 3. Bb5+ Bd7 4. c4 a6 5. Bxd7+ Qxd7 6. Nc3 Nc6 7. d4 cxd4 8. Nxd4 Nf6 9. O-O g6 10. Nd5 Nxd5 11. exd5 Ne5 12. b3 Bg7 13. h3 Qc7 14. Bb2 O-O 15. Re1 Rfe8 16. a4 Rad8 17. a5 Nd7 18. Qc2 b5 19. axb6 Nxb6 20. Nc6 Rd7 21. Bxg7 Kxg7 22. Rxa6 e6 23. Ra7 Qc8 24. Rxd7 Qxd7 25.
Qb2+ Kg8 26. Qd4 Nc8 27. Qf6 e5 28. c5 Ne7 29. Qxd6 Qxd6 30. cxd6 Nxd5 31. d7 Kf8 32. dxe8=R+ Kxe8 33. Rxe5+ 1-0

[Event "Live Chess"]
[Site "Chess.com"]
[Date "2023.05.21"]
[Round "-"]
[White "McSlash1"]
[Black "Crowded_House"]
[Result "1-0"]
[WhiteElo "2004"]
[BlackElo "1629"]
[TimeControl "300"]
[EndTime "5:03:59 PDT"]
[Termination "McSlash1 won by resignation"]

1. e4 e6 2. d4 d5 3. Nd2 c5 4. dxc5 Bxc5 5. Bd3 dxe4 6. Nxe4 Bb6 7. Nf3 Nf6 8. Nxf6+ Qxf6 9. Bg5 Bxf2+ 10. Kxf2 Qxg5 11. Nxg5 1-0

[Event "Live Chess"]
[Site "Chess.com"]
[Date "2023.05.21"]
[Round "-"]
[White "MartynColebrook"]
[Black "diana21strabt"]
[Result "0-1"]
[WhiteElo "1085"]
[BlackElo "1751"]
[TimeControl "300"]
[EndTime "5:04:01 PDT"]
[Termination "diana21strabt won on time"]

1. e4 d5 2. exd5 Qxd5 3. Nc3 Qa5 4. d4 Nf6 5. Be3 Bg4 6. Be2 Bxe2 7.
Qxe2 Nc6 8. Nf3 O-O-O 9. O-O-O e6 10. Qc4 Bb4 11. Ne2 Qd5 12. Qxd5 Nxd5 13. Bd2 Bxd2+ 14. Rxd2 Ndb4 15. a3 Nd5 16. c4 Nf6 17. b4 Ne4 18. Rc2 Nxf2 19. Rf1 Nd3+ 20. Kd2 Ndxb4 21. axb4 Nxb4 22.
Rb2 a5 23. Ne5 f6 24. Nf7 Rhf8 25. Nxd8 Rxd8 26. g4 e5 27. Kc3 exd4+ 28. Nxd4 Re8 29. Re2 Rxe2 30. Nxe2 Kd7 31. Rd1+ Ke7 32. Nd4 Na6 33. Nf5+ Kf8 34. Rd8+ Kf7 35. Rd7+ Ke6 36. Rxg7 h5 37. h3 hxg4 38. hxg4 Ke5 39. Re7+ Kf4 40. Nd4 Kxg4 41. Re4+ Kg5 42. Ne6+ Kg6 43. Nf4+ Kf5 44. Rd4 c5 0-1

[Event "Live Chess"]
[Site "Chess.com"]
[Date "2023.05.21"]
[Round "-"]
[White "ossie57"]
[Black "f4nomore"]
[Result "1-0"]
[WhiteElo "1889"]
[BlackElo "1382"]
[TimeControl "300"]
[EndTime "5:04:03 PDT"]
[Termination "ossie57 won by resignation"]

1. d4 g6 2. Nc3 Bg7 3. e4 Nf6 4. Be3 O-O 5. Qd2 Ng4 6. Bf4 e5 7. dxe5 Nxe5 8. Bh6 d6 9. Bxg7 Kxg7 10. O-O-O Nbc6 11. f4 Ng4 12. h3 Nh6 13. g4 Qe8 14.
Nd5 Qxe4 15. Bg2 Qe6 16. Nxc7 Qxa2 17. Qc3+ f6 18. Bd5 Qa4 19. Nxa8 Qxf4+ 20. Kb1 Ne5 21. Nc7 Bd7 22. Ne2 Qg5 23. Nd4 b6 24. Nde6+ Bxe6 25. Nxe6+ 1-0

[Event "Live Chess"]
[Site "Chess.com"]
[Date "2023.05.21"]
[Round "-"]
[White "Dhaydon19"]
[Black "OleksiyJr1"]
[Result "1-0"]
[WhiteElo "2701"]
[BlackElo "1005"]
[TimeControl "300"]
[EndTime "5:04:11 PDT"]
[Termination "Dhaydon19 won by checkmate"]

1. d4 Nf6 2. Nf3 c6 3. g3 d5 4. Bg2 e6 5. O-O Bd6 6. c3 Bd7 7. Nbd2 O-O 8. Qc2 Re8 9. e4 dxe4 10. Nxe4 Nxe4 11. Qxe4 Qc7 12. Ng5 g6 13. Qh4 h5 14. g4 Be7 15. gxh5 Bxg5 16. Bxg5 Kg7 17. Bf6+ Kg8 18. hxg6 fxg6 19. Qh8+ Kf7 20. Qg7# 1-0

[Event "Live Chess"]
[Site "Chess.com"]
[Date "2023.05.21"]
[Round "-"]
[White "WelshTiger"]
[Black "raminguy"]
[Result "1-0"]
[WhiteElo "2309"]
[BlackElo "1949"]
[TimeControl "300"]
[EndTime "5:04:13 PDT"]
[Termination "WelshTiger won by resignation"]

1. Nc3 d5 2. d4 Nf6 3. Bg5 e6 4.
e4 dxe4 5. Nxe4 Be7 6. Bxf6 Bxf6 7. c3 O-O 8. Nf3 Be7 9. Bd3 b6 10. O-O Bb7 11. Qe2 Nd7 12. Rad1 Nf6 13. Ne5 Nxe4 14.
Bxe4 Bxe4 15. Qxe4 Bf6 16. Rfe1 Bxe5 17. Qxe5 c6 18.
Re3 Qf6 19. Rg3 Qxe5 20. dxe5 Rfd8 21. Rgd3 Rd5 22. c4 Rxd3 23. Rxd3 Kf8 24. Rd7 Ke8 25. Rb7 Rd8 26. g3 Rd7 27. Rb8+ Ke7 28. Kg2 Rd8 29. Rb7+ Rd7 30. Rb8 Rd8 31. Rxd8 Kxd8 32.
Kf3 Kd7 33. Ke4 c5 34. f4 g6 35. g4 h6 36. h4 a5 37. f5 g5 38. hxg5 hxg5 39. f6 Kc6 40. Kd3 b5 41. cxb5+ Kxb5 42. b3 Kb4 43. Kc2 a4 44. bxa4 Kxa4 45. Kc3 Kb5 46.
Kb3 c4+ 47. Kc3 Kc5 48. a4 Kd5 49. a5 Kxe5 50. a6 1-0

[Event "Live Chess"]
[Site "Chess.com"]
[Date "2023.05.21"]
[Round "-"]
[White "JanMur7"]
[Black "Conradical12"]
[Result "1-0"]
[WhiteElo "1962"]
[BlackElo "1580"]
[TimeControl "300"]
[EndTime "5:04:36 PDT"]
[Termination "JanMur7 won by checkmate"]

1. e4 e5 2. Nf3 Nc6 3. Nc3 Nf6 4. Nxe5 Nxe5 5. d4 Ng6 6. e5 Ng8 7. Bc4 d5 8. Bxd5 Bb4 9. Qf3 Qd7 10. O-O Bxc3 11.
bxc3 c6 12. Bc4 a5 13. Ba3 b5 14. Bd3 N8e7 15. Be4 O-O 16. Qg3 Bb7 17. f4 Rfe8 18. f5 Nf8 19. f6 Neg6 20. Bf5 Qd5 21. Bxf8 Rxf8 22. h4 c5 23. h5 Nh4 24. Qxg7# 1-0

[Event "Live Chess"]
[Site "Chess.com"]
[Date "2023.05.21"]
[Round "-"]
[White "defenderalist"]
[Black "NomisY"]
[Result "0-1"]
[WhiteElo "1651"]
[BlackElo "1572"]
[TimeControl "300"]
[EndTime "5:04:40 PDT"]
[Termination "NomisY won by resignation"]

1. e4 c6 2. g3 d5 3. Bg2 dxe4 4. Bxe4 Nf6 5. Bg2 Bf5 6. Nc3 e6 7. d3 h6 8. Nge2 Be7 9. Bd2 Nbd7 10. O-O O-O 11. a3 Bh7 12. Qc1 Qc7 13. Nf4 Nb6 14. Qd1 Nbd5 15. Ncxd5 cxd5 16. Nh5 Rac8 17. Nxf6+ Bxf6 18.
c3 Bxd3 19. Bxh6 Bxf1 20. Bxf1 gxh6 21. Qg4+ Bg7 22. Bd3 f5 23. Qh5 Qf7 24. Qh3 e5 25. f4 e4 26. Bc2 Kh7 27. Bb3 Rfd8 28. Rd1 Qd7 29. c4 d4 30. c5 d3 31. Qh5 Rf8 32. h3 Qc6 33. g4 Qxc5+ 34. Kh2 fxg4 35. hxg4 Qxh5+ 0-1

[Event "Live Chess"]
[Site "Chess.com"]
[Date "2023.05.21"]
[Round "-"]
[White "seasidecastle27"]
[Black "Ginger_GM"]
[Result "0-1"]
[WhiteElo "1845"]
[BlackElo "2731"]
[TimeControl "300"]
[EndTime "5:04:46 PDT"]
[Termination "Ginger_GM won by checkmate"]

1. d4 e6 2. e4 b6 3. Bd3 Bb7 4.
Nf3 d6 5. Qe2 g6 6. c3 Bg7 7.
Bg5 Ne7 8. Nbd2 h6 9. Bh4 Nd7 10. O-O a6 11. Rad1 g5 12. Bg3 Ng6 13. e5 d5 14.
Bxg6 fxg6 15. Qd3 Nf8 16. Ne1 Qe7 17. f4 gxf4 18. Bxf4 O-O-O 19. Nef3 g5 20. Be3 c5 21. dxc5 bxc5 22. b4 c4 23. Qd4 Nd7 24. Qa7 g4 25. Nd4 Bxe5 26. b5 Bb8 27. Nc6 Bxc6 28. Qxa6+ Bb7 29.
Qa5 Qd6 30. Bf4 e5 31. Nxc4 Qc5+ 32. Kh1 exf4 33. Na3 f3 34. g3 f2 35. c4 d4# 0-1

[Event "Live Chess"]
[Site "Chess.com"]
[Date "2023.05.21"]
[Round "-"]
[White "Chesscoach_Golichenko"]
[Black "MarkLim1"]
[Result "1-0"]
[WhiteElo "2612"]
[BlackElo "1694"]
[TimeControl "300"]
[EndTime "5:05:08 PDT"]
[Termination "Chesscoach_Golichenko won by checkmate"]

1. d4 Nf6 2. c4 e6 3. Nc3 d5 4. Nf3 c5 5. cxd5 Nxd5 6. e4 Nxc3 7. bxc3 cxd4 8. cxd4 Bb4+ 9. Bd2 Bxd2+ 10. Qxd2 O-O 11.
Bd3 Nc6 12. e5 Qa5 13. Qxa5 Nxa5 14. Rc1 Nc6 15. Be4 Bd7 16. Ke2 Rac8 17. Ke3 Rfd8 18.
Rc3 Kf8 19. Rhc1 h6 20. h4 Ke7 21. g4 Nb4 22. a3 Rxc3+ 23. Rxc3 Nc6 24. g5 hxg5 25. hxg5 f5 26. exf6+ gxf6 27. g6 f5 28. Bxc6 Bxc6 29. Ne5 Kf6 30. Nxc6 bxc6 31. Rxc6 Kxg6 32.
Rxe6+ Kg5 33. f4+ Kg4 34. Rg6+ Kh3 35. Rg5 Re8+ 36. Kf3 Re4 37. Rh5# 1-0

[Event "Live Chess"]
[Site "Chess.com"]
[Date "2023.05.21"]
[Round "-"]
[White "Biranidun"]
[Black "Missedidea"]
[Result "1-0"]
[WhiteElo "2517"]
[BlackElo "1791"]
[TimeControl "300"]
[EndTime "5:05:14 PDT"]
[Termination "Biranidun won by resignation"]

1. e4 c5 2. Nf3 d6 3. d4 cxd4 4.
Nxd4 Nf6 5. Nc3 g6 6. Be3 Bg7 7. f3 O-O 8. Qd2 Nc6 9. Bc4 Bd7 10. O-O-O Rc8 11. Bb3 Ne5 12. Kb1 Re8 13. h4 h5 14.
g4 b5 15. gxh5 Nxh5 16. Rhg1 b4 17. Nd5 a5 18. Nf4 Nxf4 19. Bxf4 a4 20. Bd5 e6 21.
Bb7 Rc7 22. Ba6 Ra7 23. Be2 b3 24. cxb3 axb3 25. a3 Qc8 26. h5 Nc4 27. Bxc4 Qxc4 28.
Be3 Rc7 29. hxg6 fxg6 30. Rc1 Qc2+ 31. Nxc2 bxc2+ 32. Rxc2 d5 33. Rxc7 1-0

[Event "Live Chess"]
[Site "Chess.com"]
[Date "2023.05.21"]
[Round "-"]
[White "WelshTiger"]
[Black "Conradical12"]
[Result "1-0"]
[WhiteElo "2309"]
[BlackElo "1580"]
[TimeControl "300"]
[EndTime "5:05:17 PDT"]
[Termination "WelshTiger won by checkmate"]

1. e4 h6 2. d4 h5 3. Nf3 h4 4. h3 a6 5. a4 a5 6. Nc3 b6 7. Bc4 b5 8. axb5 a4 9. Rxa4 Rxa4 10.
Nxa4 Na6 11. bxa6 Bb7 12. axb7 Qc8 13. bxc8=Q# 1-0

[Event "Live Chess"]
[Site "Chess.com"]
[Date "2023.05.21"]
[Round "-"]
[White "ameetghasi100"]
[Black "NAZRIZ1977"]
[Result "1-0"]
[WhiteElo "2603"]
[BlackElo "1970"]
[TimeControl "300"]
[EndTime "5:05:29 PDT"]
[Termination "ameetghasi100 won by resignation"]

1. d4 Nf6 2. Nc3 d5 3. h4 c5 4. dxc5 Nc6 5. Bg5 d4 6. Nb1 e5 7. c3 Bxc5 8. Nf3 e4 9. Nxd4 Nxd4 10. cxd4 Qxd4 11. Qxd4 Bxd4 12. Nc3 O-O 13. e3 Bxc3+ 14.
bxc3 Nd5 15. c4 Nb4 16. Kd2 f6 17. Bf4 Rd8+ 18. Kc3 a5 19. a3 Nd3 20. Bg3 Be6 21. f3 Rac8 22. Bxd3 Rxd3+ 23. Kb2 Rxe3 24. Rae1 Rxe1 25. Rxe1 Rxc4 26. fxe4 Kf7 27. Bf2 b5 28. Bb6 a4 29. Ba5 Rd4 30. Bb4 Rd3 31. Kc2 Rg3 32. Re2 Bc4 33. Rd2 Rg4 34. Rd7+ Kg6 35. Bf8 Bf7 36. h5+ Kxh5 37. Rxf7 Rxe4 38. Rxg7 h6 39. Rb7 Re2+ 40. Kd3 Rxg2 41. Rxb5+ f5 42. Rxf5+ Kg6 43.
Ra5 h5 44. Rxa4 Kf7 45. Bc5 1-0

[Event "Live Chess"]
[Site "Chess.com"]
[Date "2023.05.21"]
[Round "-"]
[White "ElectricFalcon"]
[Black "Pandreq"]
[Result "1-0"]
[WhiteElo "1082"]
[BlackElo "1212"]
[TimeControl "300"]
[EndTime "5:05:34 PDT"]
[Termination "ElectricFalcon won by checkmate"]

1. d4 d5 2. c4 c6 3. Nf3 Nf6 4. Nc3 Bg4 5. Bg5 e6 6. e3 Nbd7 7. Be2 h6 8. Bxf6 Nxf6 9. Qc2 Bb4 10. e4 Nxe4 11. O-O Nxc3 12. bxc3 Ba5 13. c5 b6 14. Qa4 b5 15. Qc2 O-O 16. Ne5 Bxe2 17.
Qxe2 Qc7 18. Rac1 b4 19. cxb4 Bxb4 20. Rb1 a5 21. Qe3 Rfb8 22. a3 Bxa3 23. Qxa3 Rxb1 24. Rxb1 Rb8 25. Rxb8+ Qxb8 26. h3 Qb4 27. Qf3 f6 28.
Nxc6 Qe1+ 29. Kh2 a4 30. Qg3 Qa1 31. Qg6 Qxd4 32. Nxd4 a3 33. Nxe6 a2 34. Qxg7# 1-0

[Event "Live Chess"]
[Site "Chess.com"]
[Date "2023.05.21"]
[Round "-"]
[White "Tilbs_12"]
[Black "grillage"]
[Result "0-1"]
[WhiteElo "1573"]
[BlackElo "1816"]
[TimeControl "300"]
[EndTime "5:05:40 PDT"]
[Termination "grillage won by resignation"]

1. e4 d5 2. exd5 Qxd5 3. Nc3 Qd8 4. Bc4 Nf6 5. Nf3 a6 6. O-O e6 7. Re1 Be7 8. d3 O-O 9. Bf4 b5 10. Bb3 Bb7 11. a4 b4 12. Nb1 a5 13. Nbd2 Nbd7 14. Qe2 Nd5 15. Bg3 N7f6 16. Nd4 Bd6 17. Bh4 Qd7 18. Bxf6 Nxf6 19. Nc4 Bxh2+ 20. Kxh2 Qxd4 21.
Qd2 Qh4+ 22. Kg1 Ng4 23. Qf4 Qh5 24. Ne3 Nxe3 25. Qxe3 Qg6 26. Qg3 Qxg3 27. fxg3 Rfd8 28. Re5 Bd5 29. Bxd5 Rxd5 30. Rxd5 exd5 31. Re1 Kf8 32. Re5 c6 33. Kf2 Re8 34. Re3 Rxe3 35. Kxe3 Ke7 36. Kd4 Kd6 37. c3 c5+ 38. Ke3 Ke5 39. d4+ cxd4+ 40.
cxd4+ Kf5 41. Kf3 h5 42. b3 g5 43. Ke3 Kg4 44. Kf2 f5 0-1